 Dungeon Crawl Stone Soup version 0.29-a0-384-g6960b1960d (webtiles) character file.

Game seed: 3345507552321903016

441 Bruhh the Magician (level 6, 0/41 HPs)
             Began as a Demonspawn Ice Elementalist on May 7, 2022.
             Slain by a shadow (18 damage)
             ... on level 6 of the Dungeon.
             The game lasted 00:09:07 (5539 turns).

Bruhh the Magician (Demonspawn Ice Elementalist)    Turns: 5539, Time: 00:09:08

Health: 0/41       AC:  8    Str:  8    XL:     6   Next: 71%
Magic:  0/14       EV: 12    Int: 18    God:
Gold:   219        SH:  4    Dex: 14    Spells: 9/16 levels left

rFire   . . .      SeeInvis .   n - +1 short sword (venom)
rCold   . . .      Faith    .   (no shield)
rNeg    . . .      Spirit   +   a - +0 robe
rPois   .          Reflect  .   (no helmet)
rElec   .          Harm     .   (no cloak)
rCorr   .          Rampage  .   (no gloves)
Will    .....                   (no boots)
Stlth   ++........              (no amulet)
HPRegen 0.13/turn               (no ring)
MPRegen 0.28/turn               (no ring)

@: ice-armoured
A: magic shield, magic regeneration, condensation shield
a: no special abilities


You were on level 6 of the Dungeon.
You visited 1 branch of the dungeon, and saw 6 of its levels.

You collected 219 gold pieces.

Inventory:

Hand Weapons
 g - a +0 short sword
 n - a +1 short sword of venom (weapon)
Missiles
 q - 10 poisoned darts
Armour
 a - a +0 robe (worn)
Jewellery
 k - a ring of protection from fire
 p - an amulet of faith
 u - a ring of see invisible
Scrolls
 c - 6 scrolls of identify {unknown}
 d - 2 scrolls of fog {unknown}
 e - 5 scrolls of poison {unknown}
 j - a scroll of teleportation {unknown}
 l - 3 scrolls of magic mapping {unknown}
 r - 2 scrolls of noise {unknown}
 s - 2 scrolls of fear {unknown}
 t - a scroll of enchant armour {unknown}
Potions
 b - 3 potions of magic
 f - a potion of mutation {unknown}
 h - 3 potions of lignification
 i - a potion of brilliance {unknown}
 m - a potion of berserk rage {unknown}
 o - a potion of invisibility {unknown}
 v - a potion of flight {unknown}
 w - a potion of curing {unknown}


   Skills:
 - Level 1.7 Dodging
 - Level 1.7 Stealth
 + Level 5.7 Spellcasting
 - Level 5.0 Ice Magic


You had 9 spell levels left.
You knew the following spells:

 Your Spells              Type           Power      Damage    Failure   Level
a - Freeze                Ice            92%        1d10      1%          1
b - Frozen Ramparts       Ice            46%        1d6       4%          3
c - Ozocubu's Armour      Ice            23%        N/A       4%          3

Your spell library contained the following spells:

 Spells                   Type           Power      Damage    Failure   Level
 Beastly Appendage        Tmut           10%        N/A       12%         1
 Static Discharge         Conj/Air       5%         N/A       19%         2
 Wereblood                Tmut           5%         N/A       19%         2
 Spider Form              Tmut/Pois      5%         N/A       36%         3
 Hailstorm                Conj/Ice       14%        3d5       41%         4
 Lightning Bolt           Conj/Air       2%         1d14      98%         5
 Maxwell's Capacitive Co  Air            2%         ∞         100%        8


Dungeon Overview and Level Annotations

Branches:
Dungeon (6/15)
 Temple: D:4-7

Altars:
Sif Muna

Shops:
D:1 *

Annotations:
D:5 2 transporters


Innate Abilities, Weirdness & Mutations

When hurt, damage is shared between your health and your magic reserves.
You regenerate magic rapidly.
A meltable shield of frost defends you. (SH +4)


Message History

The wall freezes the shadow but does no damage.
The shadow hits you.
You barely miss the shadow.
The shadow is severely damaged.
The shadow completely resists.
The wall freezes the shadow but does no damage.
The shadow completely misses you.
The shadow completely resists.
The wall freezes the shadow but does no damage.
The shadow closely misses you.
You hit the shadow but do no damage.
The shadow is severely damaged.
The shadow completely resists.
The wall freezes the shadow but does no damage.
You block the shadow's attack.
You hit the shadow but do no damage.
The shadow is heavily damaged.
The shadow completely resists.
The wall freezes the shadow but does no damage.
The shadow misses you.
You barely miss the shadow.
The shadow is heavily damaged.
The shadow completely resists.
The wall freezes the shadow but does no damage.
The shadow closely misses you.
You hit the shadow but do no damage.
The shadow is heavily damaged.
The shadow completely resists.
The wall freezes the shadow but does no damage.
The shadow barely misses you.
You hit the shadow.
The shadow is severely damaged.
The shadow completely resists.
The wall freezes the shadow but does no damage.
The shadow slips into darkness.
The shadow flickers and vanishes!
Deactivating autopickup; reactivate with Ctrl-A.
Your icy armour and frozen ramparts will break if you move.
Continue?
You miss something. You punch something.
The frozen ramparts melt away.
The shadow strikes at you from the darkness!
You die...

##.# ##.......## ##..#
###.........####...#####
.'.........+.....).....
#.........####...#####
... #.......# ##..# ..#
#.....# ##.# W.#####
#...# #.# .....# #@# #.#
....# #{# #.### ...
#.####### #...# #.#
##.......# ###.# #.#
##...####.# #.# #.#
#.....# #.# #.#
#.######...####.######.#
#..W.......##..........#
#########..##.#.########


There were no monsters in sight!

Vanquished Creatures
  An ice beast (D:6)
  A scorpion (D:3)
  An orc priest (D:5)
  A hound (D:5)
  An iguana (D:5)
  Robin (D:4)
  6 adders
  A white imp (D:5)
  An ufetubus (D:5)
  3 worms
  2 dart slugs
  12 orcs
  4 ball pythons
  6 endoplasms
  2 giant cockroaches (D:4)
  14 goblins
  17 hobgoblins
  5 jackals
  3 quokkas
  7 bats
  A frilled lizard (D:2)
  7 kobolds
  6 rats
103 creatures vanquished.

Vanquished Creatures (others)
  A goblin (D:4)
1 creature vanquished.

Grand Total: 104 creatures vanquished

Notes
Turn   | Place    | Note
-------+----------+-------------------------------------------
     0 | D:1      | Bruhh the Demonspawn Ice Elementalist began the quest for
                  | the Orb.
     0 | D:1      | Reached XP level 1. HP: 13/13 MP: 3/3
   357 | D:1      | Found Roopnelu's Assorted Antiques.
   363 | D:1      | Gained mutation: A meltable shield of frost defends you.
                  | (SH +4) [demonic ancestry]
   363 | D:1      | Reached XP level 2. HP: 15/19 MP: 3/5
   607 | D:1      | Found a faded altar of an unknown god.
  1322 | D:3      | Gained mutation: You regenerate magic rapidly. [demonic
                  | ancestry]
  1322 | D:3      | Reached XP level 3. HP: 7/24 MP: 4/6
  1645 | D:3      | Learned a level 3 spell: Frozen Ramparts
  2210 | D:2      | Gained mutation: When hurt, damage is shared between your
                  | health and your magic reserves. [demonic ancestry]
  2210 | D:2      | Reached XP level 4. HP: 30/30 MP: 5/8
  2710 | D:3      | You fall into a shaft and drop 1 floor!
  3028 | D:3      | Reached skill level 5 in Ice Magic
  3075 | D:3      | Learned a level 3 spell: Ozocubu's Armour
  3138 | D:3      | Noticed a scorpion
  3146 | D:3      | Killed a scorpion
  3147 | D:3      | Reached XP level 5. HP: 6/35 MP: 3/10
  3936 | D:4      | Found a shimmering blue altar of Sif Muna.
  4282 | D:4      | Noticed Robin
  4295 | D:4      | Killed Robin
  4463 | D:5      | Entered Level 5 of the Dungeon
  4608 | D:5      | Reached XP level 6. HP: 27/41 MP: 3/13
  4751 | D:5      | Reached skill level 5 in Spellcasting
  4966 | D:5      | Found a transporter.
  4982 | D:5      | Found a transporter.
  5101 | D:6      | Noticed an ice beast
  5121 | D:6      | Killed an ice beast
  5500 | D:6      | Noticed a shadow
  5539 | D:6      | Slain by a shadow

Illustrated notes

Levels and vault maps discovered:
D:1:      minmay_arrival_loop, layout_loops_ring,
          hellmonk_ecumenical_altar_blasted, serial_shops, nicolae_diamond_shop,
          chequers_decorated_corner
D:2:      wad_lake_hut, layout_rooms, minmay_goblin_kobold_house
D:3:      minmay_razor_zed, layout_basic, kennysheep_generic_room_12
D:4:      layout_rooms, lemuel_tele_altar, kennysheep_generic_room_8, uniq_robin
D:5:      gammafunk_wand_slinger, layout_basic,
          minmay_temple_entry_glassed_door, minmay_diced_spiral
D:6:      layout_loops_corners

Skill      XL: |  1  2  3  4  5  6 |
---------------+-------------------+-----
Ice Magic      | 4 5 |  5.0
Spellcasting   | 3 4 5 |  5.7
Dodging        | |  1.7
Stealth        | |  1.7

Action                   |  1- 3 |  4- 6 || total
-------------------------+-------+-------++-------
Melee: Unarmed           |     2 |       ||     2
       Short sword       |    40 |    70 ||   110
       Punch             |     1 |     2 ||     3
 Cast: Freeze            |    45 |    67 ||   112
       Frozen Ramparts   |     2 |     5 ||     7
       Ozocubu's Armour  |       |     3 ||     3
  Use: Potion            |       |     4 ||     4
 Stab: Sleeping          |     1 |     1 ||     2
Armor: Robe              |    14 |    25 ||    39
       Skin              |       |     1 ||     1
Dodge: Dodged            |    57 |    66 ||   123
Block: Other             |     7 |    28 ||    35

Table legend: (Time is in decaauts)
 A = Elapsed time spent in this place.
 B = Non-inter-level travel time spent in this place.
 C = Inter-level travel time spent in this place.
 D = Time resting spent in this place.
 E = Time spent auto-exploring this place.
 F = Levels seen in this place.
 G = Mean time per level.
                   A        B        C        D        E       F      G
               +--------+--------+--------+--------+--------+-----+--------+
         Total |   5588 |   5523 |     65 |    423 |   4382 |   6 |  931.3 |
       Dungeon |   5588 |   5523 |     65 |    423 |   4382 |   6 |  931.3 |
               +--------+--------+--------+--------+--------+-----+--------+

Top non-repeatable levels by time:
     D:3: 1667 daAuts
     D:1: 1248 daAuts
     D:2: 985 daAuts
     D:4: 733 daAuts
     D:6: 494 daAuts
     D:5: 459 daAuts
